 Dungeon Crawl Stone Soup version 0.21.1-1-g345015f (webtiles) character file.

27124 tidbits the Nimble (level 13, 0/124 HPs)
             Began as a Gnoll Monk on Feb 19, 2018.
             Was an Elder of Cheibriados.
             Killed from afar by an electric eel (9 damage)
             ... with a bolt of electricity
             ... on level 9 of the Dungeon.
             The game lasted 01:03:24 (4736 turns).

tidbits the Nimble (Gnoll Monk)                     Turns: 4736, Time: 01:03:25

Health: 0/124      AC:  8    Str: 25    XL:     13   Next: 30%
Magic:  20/20      EV: 21    Int: 26    God:    Cheibriados [****..]
Gold:   498        SH:  0    Dex: 33    Spells: 16/28 levels left

rFire    x . .     SeeInvis .     - Unarmed
rCold    + + +     Gourm    .   (shield currently unavailable)
rNeg     . . .     Faith    .   (armour currently unavailable)
rPois    +         Spirit   .   (helmet currently unavailable)
rElec    .         Reflect  .   (cloak currently unavailable)
rCorr    .         Harm     .   (gloves currently unavailable)
MR       .....                  (boots currently unavailable)
Stlth    +++++.....             (no amulet)
HPRegen  0.30/turn              l - ring of flight
MPRegen  0.17/turn              X - +6 ring of dexterity

@: ice-form, very slow
A: large, distributed training, low mp 2, strong 1, strong nose
a: End Transformation, Bend Time, Temporal Distortion, Slouch, Renounce
Religion, Evoke Flight


You were on level 9 of the Dungeon.
You worshipped Cheibriados.
Cheibriados was greatly pleased with you.
You were not hungry.
You were a creature of crystalline ice.
You visited 3 branches of the dungeon, and saw 16 of its levels.

You collected 1477 gold pieces.
You spent 979 gold pieces at shops.

Inventory:

Hand Weapons
 a - a +2 dagger of electrocution (melded)
   (You took it off an orc on level 4 of the Dungeon)
 b - a +1 dagger
 d - a -1 glaive of freezing
   (You took it off Grum on level 8 of the Dungeon)
 g - a +2 short sword of venom
   (You took it off a kobold on level 9 of the Dungeon)
 j - a +0 arbalest
 k - a +2 great sword of freezing
   (You took it off a wight on level 10 of the Dungeon)
 n - a +0 fustibalus
 o - a +4 scimitar
 q - a +2 war axe
 s - a +1 battleaxe of freezing
   (You took it off an orc warrior on level 2 of the Orcish Mines)
 w - a +0 short sword
 x - a +4 hand axe of venom
   (You took it off an orc on level 1 of the Orcish Mines)
 z - a +2 battleaxe of freezing
   (You took it off a wight on level 10 of the Dungeon)
 A - a +2 dagger of electrocution
   (You took it off an orc sorcerer on level 1 of the Orcish Mines)
Missiles
 e - 45 bolts
 m - 12 stones
 v - 125 arrows
 J - 15 tomahawks (quivered)
Armour
 h - a +1 scale mail of cold resistance (melded)
   (You found it on level 11 of the Dungeon)
 B - a +0 troll leather armour
 C - a +1 cloak (melded)
 D - a +1 shield of cold resistance (melded)
   (You bought it in a shop on level 2 of the Orcish Mines)
 E - a +0 hat of intelligence (melded)
   (You took it off Gastronok on level 12 of the Dungeon)
 F - a +0 pair of boots (melded)
 I - +0 acid dragon scales
 K - the +1 leather armour of the Bagpipe {-Tele rPois Regen+ Dex+4}
   (You bought it in a shop on level 2 of the Orcish Mines)

   It affects your dexterity (+4).
   It protects you from poison.
   It prevents most forms of teleportation.
   It increases your rate of regeneration.
 M - a +0 shield of fire resistance
   (You bought it in a shop on level 2 of the Orcish Mines)
Jewellery
 l - a ring of flight (left front paw)
   (You found it on level 11 of the Dungeon)
 Q - an uncursed ring of ice
   (You took it off Fannar on level 10 of the Dungeon)
 R - an uncursed ring of protection from fire
   (You found it on level 2 of the Dungeon)
 X - a +6 ring of dexterity (right front paw)
   (You found it on level 2 of the Dungeon)
Scrolls
 f - a scroll of fog
 i - a scroll of identify
 r - 5 scrolls of remove curse
 u - 3 scrolls of teleportation
 L - 3 scrolls of amnesia
 S - a scroll of summoning
Potions
 p - a potion of cancellation
 t - a potion of resistance
 G - 2 potions of curing
 N - a potion of might
 O - a potion of magic
 P - a potion of brilliance
Books
 y - a book of Minor Magic
   (You found it on level 10 of the Dungeon)

   Spells                             Type                      Level
   a - Magic Dart                     Conjuration                  1
   b - Blink                          Translocation                2
   c - Call Imp                       Summoning                    2
   d - Slow                           Hexes                        2
   e - Conjure Flame                  Conjuration/Fire             3
   f - Mephitic Cloud                 Conjuration/Poison/Air       3
 T - a book of Changes
   (You found it on level 9 of the Dungeon)

   Spells                             Type                      Level
   a - Beastly Appendage              Transmutation                1
   b - Sticks to Snakes               Transmutation                2
   c - Spider Form                    Transmutation/Poison         3
   d - Ice Form                       Ice/Transmutation            4
   e - Blade Hands                    Transmutation                5
Miscellaneous
 H - a lightning rod (1/4)
Comestibles
 c - 15 rations


   Skills:
 + Level 10.3 Fighting
 + Level 10.3 Short Blades
 + Level 8.0 Long Blades
 + Level 8.0 Axes
 + Level 8.0 Maces & Flails
 + Level 8.0 Polearms
 + Level 8.0 Staves
 + Level 8.0 Slings
 + Level 8.0 Bows
 + Level 8.0 Crossbows
 + Level 8.0 Throwing
 + Level 8.0 Armour
 + Level 10.3 Dodging
 + Level 9.1 Stealth
 + Level 8.0 Shields
 + Level 8.0 Unarmed Combat
 + Level 8.0 Spellcasting
 + Level 6.6 Conjurations
 + Level 6.6 Hexes
 + Level 6.6 Charms
 + Level 6.6 Summonings
 + Level 6.6 Necromancy
 + Level 6.6 Translocations
 + Level 6.6 Transmutations
 + Level 6.6 Fire Magic
 + Level 6.6 Ice Magic
 + Level 6.6 Air Magic
 + Level 6.6 Earth Magic
 + Level 6.6 Poison Magic
 + Level 8.8 Invocations
 + Level 8.0 Evocations


You had 16 spell levels left.
You knew the following spells:

 Your Spells              Type           Power        Failure   Level  Hunger
b - Blink                 Tloc           N/A          1%          2    None
c - Conjure Flame         Conj/Fire      #####...     1%          3    None
i - Ice Form              Ice/Tmut       #####...     3%          4    ##.....
m - Mephitic Cloud        Conj/Pois/Air  #####...     1%          3    None


Dungeon Overview and Level Annotations

Branches:
Dungeon (13/15)            Temple (1/1) D:5             Orc (2/2) D:12
    Elf (0/3) Orc:2
   Lair: D:8-11      Vaults: D:13-14

Altars:
Ashenzari
Cheibriados
Dithmenos
Fedhas
Gozag
Hepliaklqana
Kikubaaqudgha
Makhleb
Okawaru
Qazlal
Sif Muna
Trog
Uskayaw
Vehumet
Wu Jian
Xom
Yredelemnul
Zin
Beogh

Shops:
Orc:2 *[?}


Innate Abilities, Weirdness & Mutations

Your experience applies equally to all skills.
((You have very sharp teeth.))
Your uncanny sense of smell can sniff out nearby items.
Your magical capacity is very low. (-20% MP)
Your muscles are strong. (Str +2)


Message History

You turn into a creature of crystalline ice.
Your +2 dagger of electrocution melds into your body.
Your +1 cloak melds into your body.
Your +0 hat of intelligence melds into your body.
Your +0 pair of boots melds into your body.
Your +1 shield of cold resistance melds into your body.
Your +1 scale mail of cold resistance melds into your body.
Your +2 dagger of electrocution stops crackling.
You feel stupid.
You feel less resistant to cold. x2
Marking area around the ice statue as unsafe for travelling.
An ice statue comes into view.
The ice statue gestures at you. The bolt of cold hits you! You resist.
The ice statue gestures.
The ice beast barely misses you. The ice statue gestures at you.
The bolt of cold hits you! You resist. The ice beast hits you.
The ice beast freezes you. You resist.
You are engulfed in freezing vapours.
You resist. The ice beast misses you. The ice statue gestures at you.
The freezing blast misses you. The ice beast barely misses you.
The ice beast completely misses you. The ice statue gestures at you.
The shard of ice hits you! You partially resist.
The ice beast closely misses you.
You pummel the ice statue!!
The ice statue is moderately damaged.
The ice statue gestures at you. The bolt of cold hits you! You resist.
The electric eel shoots out a bolt of lightning at you!
The bolt of electricity misses you.
You hit the ice statue but do no damage.
The ice statue is moderately damaged.
You are engulfed in freezing vapours.
You resist. The ice beast misses you.
You hit the ice statue.
The ice statue is moderately damaged.
You are engulfed in freezing vapours.
You resist. The ice statue gestures at you. The bolt of cold misses you.
The electric eel shoots out a bolt of lightning at you!
The bolt of electricity hits you! The ice beast barely misses you.
You punch the ice statue!
The ice statue is heavily damaged.
The ice statue gestures at you. The freezing blast misses you.
The electric eel shoots out a bolt of lightning at you!
The bolt of electricity misses you. The ice beast completely misses you.
You punch the ice statue!
The ice statue is heavily damaged.
You are engulfed in freezing vapours.
You resist. The ice beast completely misses you.
You hit the ice statue.
The ice statue is heavily damaged.
You are engulfed in freezing vapours.
You resist. The ice statue gestures at you. The shard of ice hits you!
You partially resist.
* * * LOW HITPOINT WARNING * * *
The electric eel shoots out a bolt of lightning at you!
The bolt of electricity hits you!
* * * LOW HITPOINT WARNING * * *
The ice beast completely misses you.
You punch the ice statue!
The ice statue is severely damaged.
You are engulfed in freezing vapours.
You resist.
* * * LOW HITPOINT WARNING * * *
The electric eel shoots out a bolt of lightning at you!
The bolt of electricity misses you. The ice beast misses you.
You hit the ice statue but do no damage.
The ice statue is severely damaged.
You are engulfed in freezing vapours.
You resist.
* * * LOW HITPOINT WARNING * * *
The ice statue gestures at you. The shard of ice hits you!
You partially resist.
* * * LOW HITPOINT WARNING * * *
Unknown command.
You punch the ice statue!
The ice statue is almost destroyed.
You are engulfed in freezing vapours.
You resist.
* * * LOW HITPOINT WARNING * * *
The electric eel shoots out a bolt of lightning at you!
The bolt of electricity hits you!
* * * LOW HITPOINT WARNING * * *
The ice beast completely misses you.
You pummel the ice statue!!
You destroy the ice statue!
Cheibriados appreciates the change of pace.
The ice beast disappears in a puff of smoke!
You are engulfed in freezing vapours.
You resist.
* * * LOW HITPOINT WARNING * * *
You are engulfed in freezing vapours.
You resist.
* * * LOW HITPOINT WARNING * * *
The electric eel shoots out a bolt of lightning at you!
The bolt of electricity misses you.
The electric eel shoots out a bolt of lightning at you!
The bolt of electricity hits you!
* * * LOW HITPOINT WARNING * * *
The electric eel shoots out a bolt of lightning at you!
The bolt of electricity hits you!
You die...

≈≈≈≈≈≈≈≈≈≈≈≈≈≈≈≈≈≈≈≈≈≈≈≈≈≈≈≈≈≈≈
≈≈≈≈≈≈≈≈≈≈≈≈≈≈≈≈≈≈≈≈≈≈≈≈≈≈≈.#
≈≈≈≈≈≈≈≈≈≈≈≈≈≈≈≈≈≈≈≈≈≈
#≈≈≈≈≈≈≈≈≈≈≈≈≈≈≈≈≈≈≈≈
#≈≈≈≈≈≈≈≈≈≈≈≈≈≈≈≈≈≈≈
≈≈≈≈≈≈≈≈≈≈≈≈≈≈≈≈≈≈≈
###≈≈≈≈≈≈≈.≈≈≈≈≈≈≈
##≈≈≈≈≈;≈≈≈≈≈≈≈≈
#≈≈≈≈≈≈Y≈≈≈≈≈≈≈ ≈≈≈≈≈≈≈≈≈≈≈≈≈≈≈
≈≈≈≈≈≈≈≈≈≈≈≈≈≈≈ ≈≈≈≈≈≈≈≈≈≈≈≈≈≈≈
≈≈≈≈≈≈≈≈≈≈≈≈≈≈; ≈≈≈≈≈≈≈≈≈≈≈≈≈≈≈
≈≈≈≈≈≈≈≈≈###≈≈≈ ≈≈≈≈≈≈≈### ###


You could see 2 electric eels.

Vanquished Creatures
  Gastronok (D:12)
  Fannar (D:10)
  A two-headed ogre (D:10)
  8 orc high priests (Orc:2)
  An unseen horror (D:12)
  4 orc knights
  3 orc sorcerers
  2 cyclopes (D:12)
  A centaur zombie (D:12)
  An ice statue (D:9)
  Psyche (D:8)
  A centaur skeleton (D:11)
  2 tengu conjurers (D:13)
  2 trolls
  3 hornets
  2 hippogriffs
  2 wyverns
  11 yaks
  Grum (D:8)
  2 hungry ghosts
  A steam dragon (D:11)
  A soldier ant (D:8)
  4 wargs (Orc:2)
  An acid dragon (D:11)
  16 orc warriors
  13 ice beasts
  A black bear (D:6)
  A sky beast (D:11)
  An eye of draining (D:11)
  5 phantoms
  2 wolves (D:8)
  14 ogres
  3 centaurs
  A big kobold (D:9)
  5 bullfrogs
  A gnoll sergeant (Orc:2)
  2 troll zombies (D:12)
  2 scorpions
  16 killer bees
  10 wights
  7 howler monkeys
  4 crimson imps
  3 hounds
  11 orc wizards
  A bullfrog zombie (D:9)
  Crazy Yiuf (D:2)
  28 orc priests
  4 jellies
  A bullfrog skeleton (D:5)
  3 iguanas
  8 worker ants
  4 ogre zombies (D:12)
  A howler monkey zombie (D:6)
  3 gnolls (Orc:2)
  8 adders
  A shadow imp (D:6)
  4 adder skeletons
  An adder zombie (D:9)
  A worm (D:3)
  A dart slug (D:1)
  5 leopard geckos
  76 orcs
  5 giant cockroaches
  2 goblins
  4 hobgoblins
  11 jackals
  4 quokkas
  3 bats
  3 frilled lizards
  A goblin skeleton (D:12)
  3 goblin zombies (D:12)
  2 hobgoblin skeletons (D:12)
  11 kobolds
  An orc skeleton (D:12)
  7 orc zombies (D:12)
  A quokka skeleton (D:4)
  2 rats (D:2)
386 creatures vanquished.

Notes
Turn   | Place    | Note
-------+----------+-------------------------------------------
     0 | D:1      | tidbits the Gnoll Monk began the quest for the Orb.
     0 | D:1      | Reached XP level 1. HP: 23/23 MP: 1/1
    78 | D:1      | Reached XP level 2. HP: 29/29 MP: 2/2
   228 | D:2      | Found a runed door.
   232 | D:2      | Noticed Crazy Yiuf
   242 | D:2      | Killed Crazy Yiuf
   242 | D:2      | Reached skill level 1 in Invocations
   242 | D:2      | Reached XP level 3. HP: 35/35 MP: 2/4
   344 | D:2      | Reached skill level 1 in Long Blades
   344 | D:2      | Reached skill level 1 in Axes
   344 | D:2      | Reached skill level 1 in Maces & Flails
   344 | D:2      | Reached skill level 1 in Polearms
   344 | D:2      | Reached skill level 1 in Staves
   344 | D:2      | Reached skill level 1 in Slings
   344 | D:2      | Reached skill level 1 in Bows
   344 | D:2      | Reached skill level 1 in Crossbows
   344 | D:2      | Reached skill level 1 in Throwing
   344 | D:2      | Reached skill level 1 in Armour
   344 | D:2      | Reached skill level 1 in Shields
   344 | D:2      | Reached skill level 1 in Unarmed Combat
   344 | D:2      | Reached skill level 1 in Spellcasting
   344 | D:2      | Reached skill level 1 in Evocations
   430 | D:3      | Reached XP level 4. HP: 28/41 MP: 5/5
   581 | D:4      | Reached skill level 1 in Conjurations
   581 | D:4      | Reached skill level 1 in Hexes
   581 | D:4      | Reached skill level 1 in Charms
   581 | D:4      | Reached skill level 1 in Summonings
   581 | D:4      | Reached skill level 1 in Necromancy
   581 | D:4      | Reached skill level 1 in Translocations
   581 | D:4      | Reached skill level 1 in Transmutations
   581 | D:4      | Reached skill level 1 in Fire Magic
   581 | D:4      | Reached skill level 1 in Ice Magic
   581 | D:4      | Reached skill level 1 in Air Magic
   581 | D:4      | Reached skill level 1 in Earth Magic
   581 | D:4      | Reached skill level 1 in Poison Magic
   630 | D:5      | Entered Level 5 of the Dungeon
   669 | D:5      | Found a staircase to the Ecumenical Temple.
   676 | Temple   | Entered the Ecumenical Temple
   682 | Temple   | Became a worshipper of Cheibriados the Contemplative
   682 | Temple   | Reached * piety under Cheibriados
   682 | Temple   | Reached ** piety under Cheibriados
   710 | D:5      | Noticed a centaur
   718 | D:5      | Reached XP level 5. HP: 47/47 MP: 6/6
   721 | D:5      | Killed a centaur
   742 | D:5      | Reached skill level 2 in Invocations
   742 | D:5      | Reached XP level 6. HP: 53/53 MP: 8/8
   796 | D:4      | Found a burning altar of Makhleb.
   903 | D:2      | Reached skill level 2 in Long Blades
   903 | D:2      | Reached skill level 2 in Axes
   903 | D:2      | Reached skill level 2 in Maces & Flails
   903 | D:2      | Reached skill level 2 in Polearms
   903 | D:2      | Reached skill level 2 in Staves
   903 | D:2      | Reached skill level 2 in Slings
   903 | D:2      | Reached skill level 2 in Bows
   903 | D:2      | Reached skill level 2 in Crossbows
   903 | D:2      | Reached skill level 2 in Throwing
   903 | D:2      | Reached skill level 2 in Armour
   903 | D:2      | Reached skill level 2 in Shields
   903 | D:2      | Reached skill level 2 in Unarmed Combat
   903 | D:2      | Reached skill level 2 in Spellcasting
   903 | D:2      | Reached skill level 2 in Evocations
   944 | D:3      | Reached *** piety under Cheibriados
  1061 | D:6      | Reached XP level 7. HP: 23/59 MP: 10/10
  1084 | D:6      | Reached skill level 7 in Fighting
  1084 | D:6      | Reached skill level 7 in Short Blades
  1084 | D:6      | Reached skill level 7 in Dodging
  1124 | D:6      | Reached skill level 2 in Conjurations
  1124 | D:6      | Reached skill level 2 in Hexes
  1124 | D:6      | Reached skill level 2 in Charms
  1124 | D:6      | Reached skill level 2 in Summonings
  1124 | D:6      | Reached skill level 2 in Necromancy
  1124 | D:6      | Reached skill level 2 in Translocations
  1124 | D:6      | Reached skill level 2 in Transmutations
  1124 | D:6      | Reached skill level 2 in Fire Magic
  1124 | D:6      | Reached skill level 2 in Ice Magic
  1124 | D:6      | Reached skill level 2 in Air Magic
  1124 | D:6      | Reached skill level 2 in Earth Magic
  1124 | D:6      | Reached skill level 2 in Poison Magic
  1203 | D:7      | Gained mutation: Your magical capacity is low. (-10% MP) [potion of mutation]
  1203 | D:7      | Gained mutation: Your magical capacity is very low. (-20% MP) [potion of mutation]
  1203 | D:7      | Gained mutation: Your muscles are strong. (Str +2) [potion of mutation]
  1211 | D:7      | Reached skill level 5 in Stealth
  1211 | D:7      | Reached skill level 3 in Invocations
  1271 | D:6      | Reached XP level 8. HP: 64/67 MP: 8/9
  1305 | D:7      | Reached skill level 3 in Long Blades
  1305 | D:7      | Reached skill level 3 in Axes
  1305 | D:7      | Reached skill level 3 in Maces & Flails
  1305 | D:7      | Reached skill level 3 in Polearms
  1305 | D:7      | Reached skill level 3 in Staves
  1305 | D:7      | Reached skill level 3 in Slings
  1305 | D:7      | Reached skill level 3 in Bows
  1305 | D:7      | Reached skill level 3 in Crossbows
  1305 | D:7      | Reached skill level 3 in Throwing
  1305 | D:7      | Reached skill level 3 in Armour
  1305 | D:7      | Reached skill level 3 in Shields
  1305 | D:7      | Reached skill level 3 in Unarmed Combat
  1305 | D:7      | Reached skill level 3 in Spellcasting
  1305 | D:7      | Reached skill level 3 in Evocations
  1360 | D:7      | Reached **** piety under Cheibriados
  1497 | D:8      | Noticed a hornet
  1499 | D:8      | Noticed a hornet
  1501 | D:8      | Killed a hornet
  1505 | D:8      | Killed a hornet
  1505 | D:8      | Reached skill level 3 in Conjurations
  1505 | D:8      | Reached skill level 3 in Hexes
  1505 | D:8      | Reached skill level 3 in Charms
  1505 | D:8      | Reached skill level 3 in Summonings
  1505 | D:8      | Reached skill level 3 in Necromancy
  1505 | D:8      | Reached skill level 3 in Translocations
  1505 | D:8      | Reached skill level 3 in Transmutations
  1505 | D:8      | Reached skill level 3 in Fire Magic
  1505 | D:8      | Reached skill level 3 in Ice Magic
  1505 | D:8      | Reached skill level 3 in Air Magic
  1505 | D:8      | Reached skill level 3 in Earth Magic
  1505 | D:8      | Reached skill level 3 in Poison Magic
  1505 | D:8      | Reached skill level 4 in Invocations
  1566 | D:8      | Reached XP level 9. HP: 72/72 MP: 11/11
  1586 | D:8      | Noticed Psyche
  1589 | D:8      | Killed Psyche
  1602 | D:8      | Noticed Grum
  1607 | D:8      | Reached skill level 4 in Long Blades
  1607 | D:8      | Reached skill level 4 in Axes
  1607 | D:8      | Reached skill level 4 in Maces & Flails
  1607 | D:8      | Reached skill level 4 in Polearms
  1607 | D:8      | Reached skill level 4 in Staves
  1607 | D:8      | Reached skill level 4 in Slings
  1607 | D:8      | Reached skill level 4 in Bows
  1607 | D:8      | Reached skill level 4 in Crossbows
  1607 | D:8      | Reached skill level 4 in Throwing
  1607 | D:8      | Reached skill level 4 in Armour
  1607 | D:8      | Reached skill level 4 in Shields
  1607 | D:8      | Reached skill level 4 in Unarmed Combat
  1607 | D:8      | Reached skill level 4 in Spellcasting
  1607 | D:8      | Reached skill level 4 in Evocations
  1611 | D:8      | Killed Grum
  1624 | D:8      | Reached skill level 6 in Stealth
  1699 | D:9      | Noticed a hornet
  1702 | D:9      | Reached skill level 8 in Fighting
  1702 | D:9      | Reached skill level 8 in Short Blades
  1702 | D:9      | Reached skill level 8 in Dodging
  1702 | D:9      | Killed a hornet
  1703 | D:9      | Reached skill level 5 in Invocations
  1718 | D:9      | Reached XP level 10. HP: 15/80 MP: 8/13
  1725 | D:9      | Reached skill level 4 in Conjurations
  1725 | D:9      | Reached skill level 4 in Hexes
  1725 | D:9      | Reached skill level 4 in Charms
  1725 | D:9      | Reached skill level 4 in Summonings
  1725 | D:9      | Reached skill level 4 in Necromancy
  1725 | D:9      | Reached skill level 4 in Translocations
  1725 | D:9      | Reached skill level 4 in Transmutations
  1725 | D:9      | Reached skill level 4 in Fire Magic
  1725 | D:9      | Reached skill level 4 in Ice Magic
  1725 | D:9      | Reached skill level 4 in Air Magic
  1725 | D:9      | Reached skill level 4 in Earth Magic
  1725 | D:9      | Reached skill level 4 in Poison Magic
  1743 | D:9      | Reached skill level 5 in Long Blades
  1743 | D:9      | Reached skill level 5 in Axes
  1743 | D:9      | Reached skill level 5 in Maces & Flails
  1743 | D:9      | Reached skill level 5 in Polearms
  1743 | D:9      | Reached skill level 5 in Staves
  1743 | D:9      | Reached skill level 5 in Slings
  1743 | D:9      | Reached skill level 5 in Bows
  1743 | D:9      | Reached skill level 5 in Crossbows
  1743 | D:9      | Reached skill level 5 in Throwing
  1743 | D:9      | Reached skill level 5 in Armour
  1743 | D:9      | Reached skill level 5 in Shields
  1743 | D:9      | Reached skill level 5 in Unarmed Combat
  1743 | D:9      | Reached skill level 5 in Spellcasting
  1743 | D:9      | Reached skill level 5 in Evocations
  1864 | D:10     | Entered Level 10 of the Dungeon
  2026 | D:11     | Reached skill level 6 in Invocations
  2026 | D:11     | Reached skill level 7 in Stealth
  2112 | D:10     | Reached XP level 11. HP: 52/87 MP: 15/15
  2359 | D:10     | Reached skill level 9 in Fighting
  2359 | D:10     | Reached skill level 9 in Short Blades
  2359 | D:10     | Reached skill level 6 in Long Blades
  2359 | D:10     | Reached skill level 6 in Axes
  2359 | D:10     | Reached skill level 6 in Maces & Flails
  2359 | D:10     | Reached skill level 6 in Polearms
  2359 | D:10     | Reached skill level 6 in Staves
  2359 | D:10     | Reached skill level 6 in Slings
  2359 | D:10     | Reached skill level 6 in Bows
  2359 | D:10     | Reached skill level 6 in Crossbows
  2359 | D:10     | Reached skill level 6 in Throwing
  2359 | D:10     | Reached skill level 6 in Armour
  2359 | D:10     | Reached skill level 9 in Dodging
  2359 | D:10     | Reached skill level 6 in Shields
  2359 | D:10     | Reached skill level 6 in Unarmed Combat
  2359 | D:10     | Reached skill level 6 in Spellcasting
  2359 | D:10     | Reached skill level 6 in Evocations
  2363 | D:10     | Reached skill level 5 in Conjurations
  2363 | D:10     | Reached skill level 5 in Hexes
  2363 | D:10     | Reached skill level 5 in Charms
  2363 | D:10     | Reached skill level 5 in Summonings
  2363 | D:10     | Reached skill level 5 in Necromancy
  2363 | D:10     | Reached skill level 5 in Translocations
  2363 | D:10     | Reached skill level 5 in Transmutations
  2363 | D:10     | Reached skill level 5 in Fire Magic
  2363 | D:10     | Reached skill level 5 in Ice Magic
  2363 | D:10     | Reached skill level 5 in Air Magic
  2363 | D:10     | Reached skill level 5 in Earth Magic
  2363 | D:10     | Reached skill level 5 in Poison Magic
  2409 | D:10     | Reached ***** piety under Cheibriados
  2530 | D:11     | Learned a level 2 spell: Blink
  2541 | D:11     | Learned a level 3 spell: Mephitic Cloud
  2812 | D:12     | Killed an unseen horror
  2827 | D:12     | Learned a level 3 spell: Conjure Flame
  2927 | D:12     | Found a staircase to the Orcish Mines.
  2954 | D:12     | Reached skill level 7 in Invocations
  2969 | Orc:1    | Entered Level 1 of the Orcish Mines
  2969 | Orc:1    | Noticed an orc sorcerer
  2971 | Orc:1    | Paralysed by an orc sorcerer for 5 turns
  2977 | Orc:1    | Killed an orc sorcerer
  3101 | Orc:2    | Entered Level 2 of the Orcish Mines
  3101 | Orc:2    | Noticed an orc high priest
  3105 | Orc:2    | Killed an orc high priest
  3163 | Orc:1    | Noticed an orc knight
  3167 | Orc:1    | Killed an orc knight
  3178 | Orc:1    | Reached skill level 8 in Stealth
  3192 | Orc:1    | Reached XP level 12. HP: 77/96 MP: 10/17
  3423 | Orc:2    | Found a staircase to the Elven Halls.
  3582 | Orc:2    | Reached skill level 7 in Long Blades
  3582 | Orc:2    | Reached skill level 7 in Axes
  3582 | Orc:2    | Reached skill level 7 in Maces & Flails
  3582 | Orc:2    | Reached skill level 7 in Polearms
  3582 | Orc:2    | Reached skill level 7 in Staves
  3582 | Orc:2    | Reached skill level 7 in Slings
  3582 | Orc:2    | Reached skill level 7 in Bows
  3582 | Orc:2    | Reached skill level 7 in Crossbows
  3582 | Orc:2    | Reached skill level 7 in Throwing
  3582 | Orc:2    | Reached skill level 7 in Armour
  3582 | Orc:2    | Reached skill level 7 in Shields
  3582 | Orc:2    | Reached skill level 7 in Unarmed Combat
  3582 | Orc:2    | Reached skill level 7 in Spellcasting
  3582 | Orc:2    | Reached skill level 7 in Evocations
  3609 | Orc:2    | Noticed an orc high priest
  3611 | Orc:2    | Noticed an orc high priest
  3615 | Orc:2    | Noticed an orc high priest
  3616 | Orc:2    | Noticed an orc high priest
  3618 | Orc:2    | Noticed a soul eater
  3618 | Orc:2    | Killed an orc high priest
  3620 | Orc:2    | Killed an orc high priest
  3621 | Orc:2    | Killed an orc high priest
  3622 | Orc:2    | Killed an orc high priest
  3622 | Orc:2    | Reached skill level 6 in Conjurations
  3622 | Orc:2    | Reached skill level 6 in Hexes
  3622 | Orc:2    | Reached skill level 6 in Charms
  3622 | Orc:2    | Reached skill level 6 in Summonings
  3622 | Orc:2    | Reached skill level 6 in Necromancy
  3622 | Orc:2    | Reached skill level 6 in Translocations
  3622 | Orc:2    | Reached skill level 6 in Transmutations
  3622 | Orc:2    | Reached skill level 6 in Fire Magic
  3622 | Orc:2    | Reached skill level 6 in Ice Magic
  3622 | Orc:2    | Reached skill level 6 in Air Magic
  3622 | Orc:2    | Reached skill level 6 in Earth Magic
  3622 | Orc:2    | Reached skill level 6 in Poison Magic
  3622 | Orc:2    | HP: 6/97 [orc priest/divine providence (15)]
  3659 | Orc:2    | Reached skill level 8 in Invocations
  3669 | Orc:2    | Noticed an orc high priest
  3675 | Orc:2    | Killed an orc high priest
  3689 | Orc:2    | Noticed an orc high priest
  3698 | Orc:2    | Killed an orc high priest
  3717 | Orc:2    | Found Irhol's General Store.
  3717 | Orc:2    | Found Veemo's Antique Armour Shop.
  3764 | Orc:2    | Reached skill level 10 in Fighting
  3764 | Orc:2    | Reached skill level 10 in Short Blades
  3764 | Orc:2    | Reached skill level 10 in Dodging
  3830 | Orc:2    | Found a roughly hewn altar of Beogh.
  3856 | Orc:2    | Found Arigaewn's Magic Scroll Emporium.
  3856 | Orc:2    | Found Voraggeups's Gadget Shop.
  3867 | Orc:2    | Noticed an orc high priest
  3872 | Orc:2    | Killed an orc high priest
  3949 | Orc:2    | Bought a glowing shield for 277 gold pieces
  3949 | Orc:2    | Bought an encrusted leather armour for 259 gold pieces
  3949 | Orc:2    | Bought a pair of boots for 166 gold pieces
  3959 | Orc:2    | Identified the +1 leather armour of the Bagpipe {-Tele rPois Regen+ Dex+4} (You bought it in a shop on level 2 of the Orcish Mines)
  3979 | Orc:2    | Bought a shiny shield for 277 gold pieces
  4083 | D:12     | Noticed Gastronok
  4109 | D:12     | Killed Gastronok
  4109 | D:12     | Reached XP level 13. HP: 61/103 MP: 17/19
  4138 | D:12     | Reached skill level 9 in Stealth
  4471 | D:10     | Noticed Fannar
  4495 | D:10     | Killed Fannar
  4495 | D:10     | Reached skill level 8 in Long Blades
  4495 | D:10     | Reached skill level 8 in Axes
  4495 | D:10     | Reached skill level 8 in Maces & Flails
  4495 | D:10     | Reached skill level 8 in Polearms
  4495 | D:10     | Reached skill level 8 in Staves
  4495 | D:10     | Reached skill level 8 in Slings
  4495 | D:10     | Reached skill level 8 in Bows
  4495 | D:10     | Reached skill level 8 in Crossbows
  4495 | D:10     | Reached skill level 8 in Throwing
  4495 | D:10     | Reached skill level 8 in Armour
  4495 | D:10     | Reached skill level 8 in Shields
  4495 | D:10     | Reached skill level 8 in Unarmed Combat
  4495 | D:10     | Reached skill level 8 in Spellcasting
  4495 | D:10     | Reached skill level 8 in Evocations
  4706 | D:9      | Learned a level 4 spell: Ice Form
  4736 | D:9      | HP: 9/124 [electric eel/bolt of electricity (8)]
  4736 | D:9      | Killed from afar by an electric eel

Skill      XL: |  1  2  3  4  5  6  7  8  9 10 11 12 13 |
---------------+----------------------------------------+-----
Invocations    | 1 2 3 4 5 6 7 8 |  8.8
Long Blades    | 1 2 3 4 5 6 7 8 |  8.0
Axes           | 1 2 3 4 5 6 7 8 |  8.0
Maces & Flails | 1 2 3 4 5 6 7 8 |  8.0
Polearms       | 1 2 3 4 5 6 7 8 |  8.0
Staves         | 1 2 3 4 5 6 7 8 |  8.0
Slings         | 1 2 3 4 5 6 7 8 |  8.0
Bows           | 1 2 3 4 5 6 7 8 |  8.0
Crossbows      | 1 2 3 4 5 6 7 8 |  8.0
Throwing       | 1 2 3 4 5 6 7 8 |  8.0
Armour         | 1 2 3 4 5 6 7 8 |  8.0
Shields        | 1 2 3 4 5 6 7 8 |  8.0
Unarmed Combat | 1 2 3 4 5 6 7 8 |  8.0
Spellcasting   | 1 2 3 4 5 6 7 8 |  8.0
Evocations     | 1 2 3 4 5 6 7 8 |  8.0
Conjurations   | 1 2 3 4 5 6 |  6.6
Hexes          | 1 2 3 4 5 6 |  6.6
Charms         | 1 2 3 4 5 6 |  6.6
Summonings     | 1 2 3 4 5 6 |  6.6
Necromancy     | 1 2 3 4 5 6 |  6.6
Translocations | 1 2 3 4 5 6 |  6.6
Transmutations | 1 2 3 4 5 6 |  6.6
Fire Magic     | 1 2 3 4 5 6 |  6.6
Ice Magic      | 1 2 3 4 5 6 |  6.6
Air Magic      | 1 2 3 4 5 6 |  6.6
Earth Magic    | 1 2 3 4 5 6 |  6.6
Poison Magic   | 1 2 3 4 5 6 |  6.6
Fighting       | 7 8 9 10 | 10.3
Short Blades   | 7 8 9 10 | 10.3
Dodging        | 7 8 9 10 | 10.3
Stealth        | 5 6 7 8 9 |  9.1

Action                   |  1- 3 |  4- 6 |  7- 9 | 10-12 | 13-15 || total
-------------------------+-------+-------+-------+-------+-------++-------
Melee: Short sword       |    81 |   102 |       |       |       ||   183
       Bite              |    16 |    27 |    17 |   126 |    31 ||   217
       Unarmed           |     6 |       |       |     1 |    26 ||    33
       Dagger            |     2 |    60 |   115 |   502 |   103 ||   782
       Punch             |       |     7 |     4 |    36 |       ||    47
       Battleaxe         |       |       |       |    15 |       ||    15
Throw: Tomahawk          |       |       |     9 |   150 |     2 ||   161
       Stone             |       |       |     2 |    30 |       ||    32
 Cast: Conjure Flame     |       |       |       |     5 |       ||     5
       Ice Form          |       |       |       |       |     1 ||     1
Invok: Bend Time         |       |       |     2 |     4 |     4 ||    10
       Slouch            |       |       |     1 |    13 |     1 ||    15
Evoke: Wand              |       |     3 |     6 |    28 |       ||    37
       Lightning rod     |       |       |       |     8 |     1 ||     9
  Use: Potion            |     1 |     1 |     6 |     3 |     1 ||    12
       Scroll            |     4 |     7 |     4 |     4 |     4 ||    23
 Stab: Sleeping          |     9 |     3 |     6 |     8 |     2 ||    28
       Distracted        |       |       |       |     1 |       ||     1
  Eat: Chunk             |       |       |     2 |     8 |     2 ||    12
Armor: Skin              |     6 |       |    37 |    12 |       ||    55
       Robe              |     6 |     6 |     7 |       |       ||    19
       Ring mail         |       |       |     2 |     3 |       ||     5
       Scale mail        |       |       |       |     9 |    24 ||    33
       Troll leather arm |       |       |       |    23 |       ||    23
Dodge: Dodged            |    58 |   146 |    92 |   315 |    64 ||   675
Block: Shield            |       |       |       |     5 |    70 ||    75

Table legend:
 A = Turns spent in this place as a percentage of turns spent in the entire game.
 B = Non-inter-level travel turns spent in this place as a percentage of non-inter-level travel turns spent in the entire game.
 C = Inter-level travel turns spent in this place as a percentage of turns spent in this place.
 D = Turns resting spent in this place as a percentage of non-inter-level travel turns spent in this place.
 E = Turns spent auto-exploring this place as a percentage of non-inter-level travel turns spent in this place.
 F = Non-inter-level travel turns spent in this place divided by the number of levels of this place that you've seen.
                   A       B       C       D       E      F
               +-------+-------+-------+-------+-------+----------------------
         Total | 100.0 | 100.0 |   1.9 |   0.0 |   0.0 | 290.4
       Dungeon |  76.5 |  77.2 |   1.0 |   0.0 |   0.0 | 276.1
        Temple |   0.3 |   0.3 |   0.0 |   0.0 |   0.0 |  15.0
  Orcish Mines |  23.1 |  22.4 |   4.9 |   0.0 |   0.0 | 521.0
               +-------+-------+-------+-------+-------+----------------------

Table legend:
 A = Kills in this place as a percentage of kills in entire the game.
 B = Kills by you in this place as a percentage of kills by you in the entire game.
 C = Kills by friends in this place as a percentage of kills by friends in the entire game.
 D = Other kills in this place as a percentage of other kills in the entire game.
 E = Experience gained in this place as a percentage of experience gained in the entire game.
 F = Experience gained in this place divided by the number of levels of this place that you have seen.
                   A       B       C       D       E      F
               +-------+-------+-------+-------+-------+----------------------
         Total | 100.0 | 100.0 |   N/A |   N/A | 100.0 | 2421.8
       Dungeon |  66.6 |  66.6 |   N/A |   N/A |  58.4 | 1739.5
  Orcish Mines |  33.4 |  33.4 |   N/A |   N/A |  41.6 | 8068.0
               +-------+-------+-------+-------+-------+----------------------

Vault maps used:
D:1:      dpeg_arrival_rooms_c
D:2:      first_ration, uniq_crazy_yiuf_cottage
D:3:      minmay_misc_feat_columns, grunt_decor_mini_mirrors
D:4:      kennysheep_mini, minmay_misc_feat_cross
D:5:      minmay_temple_entry_statues_fountains, corner_web_ring
D:8:      lair_entry_dummy, hangedman_pestilent_swarm, kennysheep_minor_cross,
          uniq_grum, uniq_psyche
D:9:      minmay_twisted_water
D:10:     uniq_fannar
D:12:     zombieorc1_lemuel, uniq_gastronok
D:13:     special_room, minmay_misc_feat_roman, lemuel_oklob_altar
Temple:   dpeg_three_leaves_temple
Orc:2:    st_orc_town
